 Dungeon Crawl Stone Soup version 0.30-a0-1160-g6e42c06551 (webtiles) character file.

Game seed: 13043546785169853318

22 Scratchers the Shield-Bearer (level 2, 27/27 HPs)
             Began as a Minotaur Fighter on Apr 25, 2023.
             Quit the game on level 1 of the Dungeon.
             The game lasted 00:21:36 (999 turns).

Scratchers the Shield-Bearer (Minotaur Fighter)      Turns: 999, Time: 00:21:37

Health: 27/27      AC: 11    Str: 20    XL:     2   Next: 68%
Magic:  1/1        EV:  6    Int:  5    God:
Gold:   72         SH:  0    Dex:  9    Spells: 1/1 levels left

rFire   . . .        a - +0 war axe
rCold   . . .        (no shield)
rNeg    . . .        f - +0 plate armour
rPois   .            (helmet restricted)
rElec   .            (no cloak)
rCorr   .            (no gloves)
SInv    .            (no boots)
Will    .....        (no amulet) Stlth
                     (no ring)
HPRegen 0.24/turn    (no ring)
MPRegen 0.07/turn

%: no passive effects
@: no status effects
A: horns 2, retaliatory headbutt
a: no special abilities


You were on level 1 of the Dungeon.
You visited 1 branch of the dungeon, and saw 1 of its levels.

You collected 72 gold pieces.

Inventory:

Hand Weapons
 a - a +0 war axe (weapon)
Missiles
 e - 6 poisoned darts (quivered)
Armour
 b - a +0 scale mail
 c - a +0 buckler
 f - a +0 plate armour (worn)
Scrolls
 g - a scroll of fear {unknown}
Potions
 d - a potion of might
 h - a potion of magic {unknown}
 i - a potion of lignification {unknown}


   Skills:
 + Level 3.9 Fighting
 + Level 2.8 Axes
 + Level 4.0 Armour
 + Level 4.1 Shields


You had one spell level left.
You didn't know any spells.
Your spell library contained the following spells:

 Spells                   Type           Power      Damage    Failure   Level
 Magic Dart               Conj           0%         1d3       100%        1
 Searing Ray              Conj           0%         2d4       100%        2
 Sublimation of Blood     Necr           0%         N/A       100%        2
 Fulminant Prism          Conj/Hex       0%         3d5       100%        4
 Petrify                  Tmut/Erth      0%         N/A       100%        4
 Irradiate                Conj/Tmut      0%         3d11      100%        5


Dungeon Overview and Level Annotations

Branches:
Dungeon (1/15)

Altars:

Shops:
D:1 (


Innate Abilities, Weirdness & Mutations

You have a pair of horns on your head.
You reflexively headbutt those who attack you in melee.


Message History

Your Armour skill increases to level 4!
You see here a hobgoblin corpse.
You see here a hobgoblin corpse.
Found a mace.
Found a leather armour.
Found 11 gold pieces.
You see here a +0 leather armour.
You see here a +0 mace.
A giant cockroach comes into view.
Found a stone staircase leading down.
You completely miss the giant cockroach.
The giant cockroach bites you but does no damage.
You hit the giant cockroach but do no damage.
The giant cockroach bites you but does no damage.
The giant cockroach barely misses you.
You slash the giant cockroach!
You kill the giant cockroach!
You see here a giant cockroach corpse.
A kobold comes into view. It is wielding a +0 short sword.
The kobold shouts!
The kobold throws a stone.
The stone barely misses you.
The kobold throws a stone.
The stone hits you but does no damage.
You see here 11 gold pieces.
You closely miss the kobold. The kobold completely misses you.
You furiously retaliate!
You headbutt the kobold, but do no damage.
You closely miss the kobold. Your headbutt misses the kobold.
The kobold hits you with a +0 short sword.
The kobold barely misses you.
You slash the kobold!
You kill the kobold!
You now have 72 gold pieces (gained 11).
Things that are here:
a +0 short sword; 3 stones; a kobold corpse
There is an entrance to Tikaus's Weapon Shoppe here.
Unknown command.
Unknown command.
Unknown command.
Unknown command.
Are you sure you want to abandon this character and quit the game? (Confirm with "yes".)

#.# #.# #...†...# #######.# #.#
#.#####.# #.....>.## ##.## #.#
#.# ###.####...######...#####.#
#.. ..................#.......#
#..
###.####....#####...###.#.#####..
#.# ##.#.######...............
###.## #.#).................####
.....# #....##.@######.#...## #.
.###.# #..#.###.# #.#...####. .#
#.#####...###.# #.#........
.###.............# ##.#........
.....############# #......####.
##.### #.#.#### #. ...# #.#.# ##
##.# #.#.# # #.# #.#.# #


There were no monsters in sight!

Vanquished Creatures
  A dart slug (D:1)
  2 ball pythons (D:1)
  2 bats (D:1)
  An endoplasm (D:1)
  2 giant cockroaches (D:1)
  2 hobgoblins (D:1)
  4 kobolds (D:1)
  A quokka (D:1)
  2 rats (D:1)
17 creatures vanquished.

Notes
Turn   | Place    | Note
-------+----------+-------------------------------------------
     0 | D:1      | Scratchers the Minotaur Fighter began the quest for the
                  | Orb.
     0 | D:1      | Reached XP level 1. HP: 19/19 MP: 0/0
   240 | D:1      | Reached XP level 2. HP: 22/27 MP: 1/1
   507 | D:1      | Found Tikaus's Weapon Shoppe.
   999 | D:1      | Quit the game

Illustrated notes

Levels and vault maps discovered:
D:1:      dpeg_arrival_simpleton_a, layout_loops_ring, serial_shops, shop

Skill      XL: |  1  2 |
---------------+-------+-----
Shields        | 4 |  4.1
Armour         | 4 |  4.0
Fighting       | |  3.9
Axes           | |  2.8

Action                     || total
---------------------------++-------
  Melee: War axe           ||    44
         Headbutt          ||     2
 Armour: Plate armour      ||    20
         Scale mail        ||     4
  Dodge: Dodged            ||    24
  Block: Buckler           ||     7

Table legend: (Time is in decaauts)
 A = Elapsed time spent in this place.
 B = Non-inter-level travel time spent in this place.
 C = Inter-level travel time spent in this place.
 D = Time resting spent in this place.
 E = Time spent auto-exploring this place.
 F = Levels seen in this place.
 G = Mean time per level.
                   A        B        C        D        E       F      G
               +--------+--------+--------+--------+--------+-----+--------+
         Total |   1016 |   1011 |      5 |      0 |    104 |   1 | 1016.0 |
       Dungeon |   1016 |   1011 |      5 |      0 |    104 |   1 | 1016.0 |
               +--------+--------+--------+--------+--------+-----+--------+

Top non-repeatable levels by time:
     D:1: 1016 daAuts
